 Dungeon Crawl Stone Soup version 0.31.0-32-g396128a36d (webtiles) character file.

Game seed: 5200754642491307636

103 Alphaeus the Ruffian (level 4, -1/42 HPs)
             Began as a Troll Shapeshifter on Mar 20, 2024.
             Succumbed to Robin's poison
             ... on level 3 of the Dungeon.
             The game lasted 00:01:11 (1594 turns).

Alphaeus the Ruffian (Troll Shapeshifter)           Turns: 1594, Time: 00:01:11

Health: -1/42      AC:  4    Str: 24    XL:     4   Next: 51%
Magic:  3/3        EV:  9    Int:  6    God:
Gold:   65         SH:  0    Dex:  9    Spells: 3/3 levels left

rFire   . .          .
                       - Unarmed
rCold   . . .        (no shield)
rNeg    . . .        a - +0 animal skin
rPois   .            (helmet currently unavailable)
rElec   .            (cloak currently unavailable)
rCorr   .            (gloves unavailable)
SInv    .            (boots unavailable)
Will    .....        (no amulet)
Stlth   +            (no ring)
HPRegen 1.07/turn    (no ring)
MPRegen 0.08/turn

%: no passive effects
@: lethally poisoned (-1 -> -6), beast-form
A: beast (slay +2), large, unfitting armour, claws 3, regeneration 1, shaggy fur
1, tough skin 1
a: Begin Untransformation


You were on level 3 of the Dungeon.
You were a hulking beast.
You visited 1 branch of the dungeon, and saw 3 of its levels.

You collected 65 gold pieces.

Inventory:

Armour
 a - a +0 animal skin (worn)
Jewellery
 e - a +6 ring of intelligence
 h - a ring of fire
Talismans
 c - a beast talisman
 d - a flux talisman
Scrolls
 g - a scroll of fear {unknown}
 i - 3 scrolls of teleportation {unknown}
 k - a scroll of vulnerability {unknown}
 m - a scroll of acquirement {unknown}
 n - 3 scrolls of identify {unknown}
 o - a scroll of revelation {unknown}
Potions
 b - 2 potions of lignification
 f - a potion of experience {unknown}
 j - a potion of degeneration {unknown}
 l - a potion of heal wounds {unknown}
 p - a potion of cancellation {unknown}


   Skills:
 + Level 1.6 Fighting
 - Level 1.5 Dodging
 * Level 4.1 Unarmed Combat
 * Level 3.9 Shapeshifting


You had 3 spell levels left.
You didn't know any spells.
Your spell library was empty.

Dungeon Overview and Level Annotations

Branches:
Dungeon (3/15)

Altars:

Annotations:
D:3 Robin


Innate Abilities, Weirdness & Mutations

You are a hulking beast.
Your limbs bulge with bestial killing power. (Slay +2)
You are too large for most types of armour.
You have claws for hands.
Your natural rate of healing is unusually fast.
You are covered in fur. (AC +1)
You have tough skin. (AC +1)


Message History

You closely miss the bat. The bat hits you but does no damage. x2
The goblin hits you with a +0 club.
* * * LOW HITPOINT WARNING * * *
The giant cockroach bites you.
* * * LOW HITPOINT WARNING * * *
You scratch the goblin.
The goblin is heavily wounded.
The bat hits you.
* * * LOW HITPOINT WARNING * * *
The goblin hits you but does no damage. The bat misses you.
The giant cockroach bites you but does no damage.
You closely miss the goblin.
The goblin is heavily wounded.
The goblin no longer looks unusually strong.
The bat closely misses you. The goblin barely misses you.
The giant cockroach misses you.
You claw the goblin!
You kill the goblin!
The bat hits you.
* * * LOW HITPOINT WARNING * * *
The giant cockroach closely misses you.
You closely miss the bat. The bat barely misses you. x2
The giant cockroach barely misses you. Robin throws the goblin at you!
You barely miss the goblin. The bat hits you but does no damage.
The goblin hits you with a +0 dagger of protection.
* * * LOW HITPOINT WARNING * * *
The giant cockroach bites you but does no damage.
The bat hits you.
* * * LOW HITPOINT WARNING * * *
You barely miss the goblin. The bat hits you but does no damage.
Robin hits you from afar with a +3 spear of venom.
* * * LOW HITPOINT WARNING * * *
You are poisoned.
The giant cockroach bites you.
* * * LOW HITPOINT WARNING * * *
The goblin hits you with a +0 dagger of protection.
* * * LOW HITPOINT WARNING * * *
You claw the goblin!
You kill the goblin!
You die...

# ### .# #.#.. .# #
#.#.. .#.# ....#
###.#.# # #...
......#.# # #...
#.......#
#..#.>B#####)....#.#
#.....)hbSg).†......
#....####g.)....#...
#..........##......#
...........# ....)..
###...<..+ .......
#......# .......
..........# ......#
...#.....## ......#
........##


You could see Robin, a giant cockroach, a hobgoblin (strong), a bat and a ball
python.

Vanquished Creatures
  5 adders
  3 bats
  9 endoplasms
  A giant cockroach (D:1)
  15 goblins
  3 hobgoblins
  3 kobolds (D:1)
  3 quokkas
  2 ball pythons
  3 frilled lizards
  5 rats
52 creatures vanquished.

Notes
Turn   | Place    | Note
-------+----------+-------------------------------------------
     0 | D:1      | Alphaeus the Troll Shapeshifter began the quest for the
                  | Orb.
     0 | D:1      | Reached XP level 1. HP: 18/18 MP: 0/0
   200 | D:1      | Reached skill level 1 in Fighting
   202 | D:1      | Reached XP level 2. HP: 26/27 MP: 1/1
   734 | D:2      | Reached XP level 3. HP: 33/33 MP: 2/2
  1062 | D:2      | Reached XP level 4. HP: 41/41 MP: 3/3
  1560 | D:3      | Noticed Robin
  1568 | D:3      | Reached skill level 4 in Unarmed Combat
  1593 | D:3      | HP: 1/42 [goblin/+0 dagger of protection[Robin] (5)]
  1594 | D:3      | Succumbed to Robin's poison

Illustrated notes

Levels and vault maps discovered:
D:1:      erik_arrival_triangle_small, layout_loops_cross
D:2:      layout_basic, minmay_tetromino_o2
D:3:      layout_basic, mainiacjoe_overflow_concentric_impassable, uniq_robin

Skill      XL: |  1  2  3  4 |
---------------+-------------+-----
Fighting       | 1 |  1.6
Unarmed Combat | 4 |  4.1
Dodging        | |  1.5
Shapeshifting  | |  3.9

Action                     |  1- 3 |  4- 6 || total
---------------------------+-------+-------++-------
  Melee: Unarmed           |   101 |    41 ||   142
 Armour: Animal skin       |    67 |    74 ||   141
  Dodge: Dodged            |    46 |    42 ||    88
